cohdb
Replays
Latest Replays
All Replays
Popular Replays
Top Player Replays
Match Explorer
How It Works
Community
CoH3 Stats
Reddit
Sign in to upload your games and track your stats! →
Sign in with Steam
Match 41871296
Unlisted
Match 41871296
Overview
Messages
Build Orders
End
Royal Engineer Section
Construct Section Command Post
Selects Canadian Shock Battlegroup
Infantry Section
Infantry Section
ML 3-inch Mortar Team
Grenade Package
ML 3-inch Mortar Team
Selects Attacking Spirit
Construct Field Infirmary
Selects Canadian Shock Section
Construct Platoon Command Post
Selects Incendiary Munitions
Canadian Shock Section
Unlock M3 Stuart Light Tanks
M3 Stuart Light Tank
Light Vehicle Training
Selects Pyrotechnics
M3 Stuart Light Tank
M3 Stuart Light Tank
6-pounder Anti-tank Gun Team
Infantry Section
Dullahan
N
0
0
Comments
sign in to comment!
No comments posted yet!